 Dungeon Crawl Stone Soup version 0.29-a0-668-g12ee2bf84d (webtiles) character file.

Game seed: 4748848200596660371

151 buhh the Bolt Thrower (level 5, -3/42 HPs)
             Began as a Formicid Hunter on June 23, 2022.
             Slain by an orc
             ... wielding a +1 whip of electrocution
              (14 damage)
             ... on level 3 of the Dungeon.
             The game lasted 00:03:22 (2847 turns).

buhh the Bolt Thrower (Formicid Hunter)             Turns: 2847, Time: 00:03:23

Health: -3/42      AC:  3    Str: 16    XL:     5   Next: 60%
Magic:  5/5        EV: 12    Int:  8    God:
Gold:   117        SH:  0    Dex: 25    Spells: 4/4 levels left

rFire   . . .      SeeInvis +   a - +1 hand crossbow
rCold   . . .      Faith    .   (no shield)
rNeg    . . .      Spirit   .   b - +0 leather armour
rPois   .          Reflect  .   (helmet unavailable)
rElec   .          Harm     .   (no cloak)
rCorr   .          Rampage  .   (no gloves)
Will    .....                   (no boots)
Stlth   +++.......              (no amulet)
HPRegen 0.14/turn               c - ring of wizardry
MPRegen 0.09/turn               j - +6 ring of dexterity

@: no status effects
A: permanent stasis, dig shafts and tunnels, antennae 3, four strong arms
a: Dig, Shaft Self


You were on level 3 of the Dungeon.
You visited 1 branch of the dungeon, and saw 3 of its levels.

You collected 117 gold pieces.

Inventory:

Hand Weapons
 a - a +1 hand crossbow (weapon)
Missiles
 k - 3 poisoned darts
Armour
 b - a +0 leather armour (worn)
 m - a scarf of invisibility
Jewellery
 c - a ring of wizardry (left hand)
 j - a +6 ring of dexterity (right hand)
Scrolls
 d - a scroll of amnesia {unknown}
 f - 6 scrolls of identify {unknown}
 g - a scroll of enchant weapon {unknown}
 i - a scroll of poison {unknown}
 o - a scroll of blinking {unknown}
 q - a scroll of fog {unknown}
 r - a scroll of teleportation {unknown}
 T - a scroll of immolation {!d}
Potions
 e - 2 potions of attraction {unknown}
 h - a potion of brilliance {unknown}
 l - 3 potions of heal wounds {unknown}
 n - a potion of magic {unknown}
 p - a potion of flight {unknown}


   Skills:
 * Level 3.7 Fighting
 * Level 4.9 Crossbows
 - Level 1.7 Dodging
 * Level 3.8 Stealth


You had 4 spell levels left.
You didn't know any spells.
Your spell library was empty.

Dungeon Overview and Level Annotations

Branches:
Dungeon (3/15) Zot: 15104

Altars:
Makhleb

Shops:
D:1 ?*   D:2 *


Innate Abilities, Weirdness & Mutations

You cannot be hasted, slowed, berserked, paralysed or teleported.
You can dig through walls and to a lower floor.
You have a pair of large antennae on your head. (SInv)
Your four strong arms can wield two-handed weapons with a shield.


Message History

The orc wizard is severely wounded.
You shoot a bolt. The bolt hits the orc wizard.
The orc wizard is almost dead.
The orc wizard hits you with a +0 dagger.
You shoot a bolt. The bolt hits the orc.
The orc is moderately wounded.
The orc hits you with a +0 whip.
You shoot a bolt. The bolt hits the orc wizard.
You kill the orc wizard!
The orc hits you with a +1 whip of electrocution.
The orc closely misses you.
You shoot a bolt. The bolt hits the orc.
The orc is severely wounded.
The orc hits you with a +1 whip of electrocution.
The orc hits you with a +0 whip.
You shoot a bolt. The bolt closely misses the orc.
The orc barely misses you.
The orc closely misses you. x2; The orc misses you.
You shoot a bolt.
The bolt hits the orc but does no damage.
The orc is severely wounded.
The orc hits you with a +1 whip of electrocution.
The orc hits you with a +0 whip.
You shoot a bolt. The bolt hits the orc!
You kill the orc!
The orc hits you with a +1 whip of electrocution.
You are too injured to fight recklessly!
Shoot: a) +1 hand crossbow
Press: ? - help, Q - select action, (/) - cycle Shift-Dir - straight line, f - orc
Aim: an orc, wielding a +1 whip of electrocution (69% to hit)
You shoot a bolt. The bolt hits the orc.
The orc is heavily wounded.
The orc hits you with a +1 whip of electrocution. x2
Shoot: a) +1 hand crossbow
Press: ? - help, Q - select action, (/) - cycle Shift-Dir - straight line, f/p - orc
Aim: an orc, wielding a +1 whip of electrocution (heavily wounded, 69% to hit)
You shoot a bolt. The bolt closely misses the orc.
The orc hits you with a +1 whip of electrocution.
* * * LOW HITPOINT WARNING * * *
You are electrocuted!
You die...

##.......# #.......#
############
.........####..........#
............#..........#
.........##............#
.........###...........#
(........# ##...........
..#......# #...........
.###[.##.. #...@...$..$
#.. ........))o...†.#
#.. #####....!......#
##...........
###.#....... #....###..
#.##.# . .. .#


You could see an orc.

Vanquished Creatures
  An orc wizard (D:3)
  8 adders (D:2)
  An orc (D:3)
  11 ball pythons
  2 bats
  6 endoplasms
  3 goblins
  5 hobgoblins
  6 jackals (D:2)
  5 quokkas
  2 kobolds
  4 rats
54 creatures vanquished.

Notes
Turn   | Place    | Note
-------+----------+-------------------------------------------
     0 | D:1      | buhh the Formicid Hunter began the quest for the Orb.
     0 | D:1      | Reached XP level 1. HP: 16/16 MP: 1/1
     2 | D:1      | Noticed a minotaur
     2 | D:1      | Noticed a felid
     4 | D:1      | Noticed an elf
     6 | D:1      | Noticed a spriggan
     8 | D:1      | Noticed a demonspawn
     8 | D:1      | Noticed a troll
    10 | D:1      | Noticed a vine stalker
    12 | D:1      | Noticed a demigod
    14 | D:1      | Noticed a ghoul
    14 | D:1      | Noticed a gargoyle
    16 | D:1      | Noticed a draconian
    16 | D:1      | Noticed a human
    18 | D:1      | Noticed a vampire
    18 | D:1      | Noticed an ogre
    20 | D:1      | Noticed a merfolk
    20 | D:1      | Noticed a dwarf
    22 | D:1      | Noticed an octopode
    22 | D:1      | Noticed a formicid
    24 | D:1      | Noticed a naga
    26 | D:1      | Noticed a tengu
   126 | D:1      | Found Poudoiki's Magic Scroll Boutique.
   202 | D:1      | Reached XP level 2. HP: 23/23 MP: 2/2
   630 | D:1      | Found Quede's Assorted Antiques.
   847 | D:1      | Reached XP level 3. HP: 28/28 MP: 3/3
  1340 | D:2      | Reached XP level 4. HP: 35/35 MP: 4/4
  2263 | D:2      | Reached XP level 5. HP: 41/41 MP: 5/5
  2400 | D:2      | Found Wissun's Assorted Antiques.
  2797 | D:3      | Found a burning altar of Makhleb.
  2847 | D:3      | Slain by an orc

Illustrated notes

Levels and vault maps discovered:
D:1:      kb_arrival_jail, layout_rooms, serial_shops,
          nicolae_shop_advertising_works [nicolae_subvault_shop_adworks],
          nicolae_lakefront_shop, nrook_mini_vaults, minmay_misc_feat_chi
D:2:      layout_loops_cross, serial_co_window_serial, co_window_corner_a,
          co_window_corner_a, co_window_paths_a, co_window_paths_a,
          co_window_paths_a, co_window_paths_b, co_window_of_opportunity_a,
          co_window_corner_a, co_window_of_opportunity_a, co_window_2corner,
          co_window_broadway_a, co_window_2corner, co_window_corner_b,
          co_window_broadway_c, co_window_of_opportunity_c,
          co_window_unsneaky_path_c, serial_shops,
          nicolae_shop_overgrown_old_shop, minmay_snake_closets
D:3:      layout_rooms, mainiacjoe_overflow_paths, bloody_makhleb, uniq_sigmund

Skill      XL: |  1  2  3  4 |
---------------+-------------+-----
Stealth        | 2 3 |  3.8
Fighting       | 3 |  3.7
Crossbows      | |  4.9
Dodging        | |  1.7

Action                   |  1- 3 |  4- 6 || total
-------------------------+-------+-------++-------
 Fire: Hand crossbow     |    79 |    75 ||   154
 Abil: Dig               |     1 |       ||     1
Armor: Leather armour    |     7 |    13 ||    20
Dodge: Dodged            |    14 |    28 ||    42

Table legend: (Time is in decaauts)
 A = Elapsed time spent in this place.
 B = Non-inter-level travel time spent in this place.
 C = Inter-level travel time spent in this place.
 D = Time resting spent in this place.
 E = Time spent auto-exploring this place.
 F = Levels seen in this place.
 G = Mean time per level.
                   A        B        C        D        E       F      G
               +--------+--------+--------+--------+--------+-----+--------+
         Total |   2893 |   2849 |     44 |    257 |   2248 |   3 |  964.3 |
       Dungeon |   2893 |   2849 |     44 |    257 |   2248 |   3 |  964.3 |
               +--------+--------+--------+--------+--------+-----+--------+

Top non-repeatable levels by time:
     D:2: 1832 daAuts
     D:1: 959 daAuts
     D:3: 101 daAuts
